 Dungeon Crawl Stone Soup version 0.32-a0-119-g2e8054a333 (webtiles) character file.

Game seed: 16603797878306335902

475845 Mls the Slayer (level 24, -6/241 (243) HPs)
             Began as a Hill Orc Fighter on Feb 2, 2024.
             Was a High Priest of Uskayaw.
             Killed from afar by a deep elf sorcerer (48 damage)
             ... with damnation
             ... on level 3 of the Elven Halls on Feb 6, 2024.
             The game lasted 04:43:56 (42349 turns).

Mls the Slayer (Hill Orc Fighter)                  Turns: 42349, Time: 04:43:57

HP:   -6/241 (243)  AC: 21    Str: 30    XL:     24   Next: 76%
MP:   32/32         EV: 15    Int: 11    God:    Uskayaw [*****.]
Gold: 4361          SH: 28    Dex: 16    Spells: 22/23 levels left

rFire   + . .        d - +9 broad axe (freeze)
rCold   + . .        c - +5 tower shield {rC+}
rNeg    . . .        X - quicksilver dragon scales
rPois   .            K - +0 mask of the Dragon {Will+ Slay+3 SInv}
rElec   +            Z - +0 cloak
rCorr   .            P - +0 pair of fencer's gloves {Riposte Dex+3}
SInv    +            n - +0 pair of boots of the Crypt {rF+ Int+3 Dex+3}
Will    +++..        H - amulet of regeneration
Stlth   ++++++       U - ring "Kenyle" {Ice rElec Slay+3}
HPRegen 1.40/turn    Y - ring of fire
MPRegen 0.23/turn

%: no passive effects
@: lethally poisoned (-6 -> -9), lightly drained
A: no striking features
}: 2/15 runes: decaying, serpentine
a: Renounce Religion, Stomp, Line Pass, Grand Finale


You were on level 3 of the Elven Halls.
You worshipped Uskayaw.
Uskayaw was pleased with you.
You visited 8 branches of the dungeon, and saw 41 of its levels.
You visited 1 bazaar.
You also visited: Bailey and Ice Cave.

You collected 7094 gold pieces.
You spent 2733 gold pieces at shops.

Inventory:

Hand Weapons
 d - a +9 broad axe of freezing (weapon)
 f - a +1 spectral eveningstar
 y - the +7 broad axe "Trog's Hatred" {flame, rElec Will- Dex+4}
   (You found it on level 3 of the Snake Pit)

   Dex+4:     It affects your dexterity (+4).
   rElec:     It insulates you from electricity.
   Will-:     It decreases your willpower.
Missiles
 g - 3 darts of dispersal
 q - 9 javelins (quivered)
Armour
 a - +0 gold dragon scales
 c - a +5 tower shield of cold resistance (worn)
 n - the +0 pair of boots of the Crypt (worn) {rF+ Int+3 Dex+3}
   (You found it on level 8 of the Dungeon)

   Int+3:     It affects your intelligence (+3).
   Dex+3:     It affects your dexterity (+3).
   rF+:       It protects you from fire.
 K - the +0 mask of the Dragon (worn) {Will+ Slay+3 SInv}
   (You bought it in a shop on level 12 of the Dungeon)

   Slay+3:    It affects your accuracy & damage with ranged weapons and melee
   (+3).
   Will+:     It increases your willpower.
   SInv:      It lets you see invisible.
 P - the +0 pair of fencer's gloves (worn) {Riposte Dex+3}
   (You bought it in a shop on level 2 of the Dungeon)

   Riposte:   It allows the wearer to riposte with melee weapons, swiftly
   retaliating against missed or blocked melee attacks.
   Dex+3:     It affects your dexterity (+3).
 X - quicksilver dragon scales (worn)
 Z - a +0 cloak (worn)
Magical Staves
 D - a staff of fire
 J - a staff of earth
 W - a staff of conjuration
Jewellery
 p - an amulet of faith
 z - the ring of Seggus {rPois Slay+2}
   (You found it on level 1 of the Vaults)

   [ring of poison resistance]

   Slay+2:    It affects your accuracy & damage with ranged weapons and melee
   (+2).
   rPois:     It protects you from poison
 H - an amulet of regeneration (around neck)
 I - a +5 ring of evasion
 U - the ring "Kenyle" (left hand) {Ice rElec Slay+3}
   (You found it in an ice cave)

   [ring of ice]

   Ice:       It enhances your ice magic.
   Slay+3:    It affects your accuracy & damage with ranged weapons and melee
   (+3).
   rF-:       It makes you vulnerable to fire.
   rC+:       It protects you from cold.
   rElec:     It insulates you from electricity.
 Y - a ring of fire (right hand)
Wands
 o - a wand of light (14)
 u - a wand of iceblast (43)
 x - a wand of digging (11)
Scrolls
 e - 18 scrolls of teleportation
 h - 10 scrolls of fog
 l - 9 scrolls of revelation
 s - 6 scrolls of poison
 L - 3 scrolls of fear
 M - a scroll of amnesia
 O - 6 scrolls of blinking
 Q - 3 scrolls of silence
 R - 11 scrolls of immolation
 S - 3 scrolls of enchant weapon
Potions
 b - 5 potions of enlightenment
 i - 6 potions of might
 j - a potion of cancellation
 k - 5 potions of invisibility
 m - 3 potions of magic
 r - 9 potions of heal wounds
 t - 4 potions of ambrosia
 v - a potion of resistance
 w - 11 potions of brilliance
 A - 5 potions of lignification
 C - 24 potions of curing
 F - 6 potions of haste
 G - 5 potions of attraction
 N - 6 potions of mutation
 T - 3 potions of berserk rage
Miscellaneous
 B - a condenser vane
 E - a phial of floods
 V - a phantom mirror


   Skills:
 + Level 25.2 Fighting
 + Level 21.8(24.5) Axes
 * Level 16.6(20.1) Maces & Flails
 - Level 0.1 Throwing
 * Level 17.4 Armour
 - Level 8.0 Dodging
 * Level 15.7 Stealth
 * Level 22.5 Shields
 - Level 3.0 Translocations
 - Level 12.0 Invocations


You had 22 spell levels left.
You knew the following spells:

 Your Spells              Type           Power      Damage    Failure   Level
a - Apportation           Tloc           12%        N/A       17%         1

Your spell library contained the following spells:

 Spells                   Type           Power      Damage    Failure   Level
 Blink                    Tloc           12%        N/A       26%         2
 Lesser Beckoning         Tloc           12%        N/A       26%         2
 Gell's Gravitas          Tloc           6%         N/A       45%         3
 Teleport Other           Tloc           6%         N/A       45%         3
 Foxfire                  Conj/Fire      0%         2x1d4     50%         1
 Kiss of Death            Conj/Necr      0%         2d5       50%         1
 Magic Dart               Conj           0%         1d3       50%         1
 Necrotise                Necr           0%         1d4       50%         1
 Sting                    Conj/Alch      0%         1d3       50%         1
 Summon Small Mammal      Summ           0%         N/A       50%         1
 Call Imp                 Summ           0%         N/A       65%         2
 Cigotuvi's Dreadful Rot  Necr/Alch/Air  0%         N/A       65%         2
 Ensorcelled Hibernation  Hex/Ice        0%         N/A       65%         2
 Jinxbite                 Hex            0%         N/A       65%         2
 Searing Ray              Conj           0%         2d4       65%         2
 Static Discharge         Conj/Air       0%         3-3/arc   65%         2
 Sublimation of Blood     Necr           0%         N/A       65%         2
 Confusing Touch          Hex            0%         N/A       86%         3
 Hailstorm                Conj/Ice       0%         3d5       86%         3
 Ozocubu's Armour         Ice            0%         N/A       86%         3
 Summon Ice Beast         Ice/Summ       0%         N/A       86%         3
 Tukima's Dance           Hex            0%         N/A       86%         3
 Vampiric Draining        Necr           0%         2d6       86%         3
 Passage of Golubria      Tloc           6%         N/A       86%         4
 Dimensional Bullseye     Hex/Tloc       1%         N/A       97%         4
 Iskenderun's Mystic Bla  Conj/Tloc      3%         2d3       97%         4
 Airstrike                Air            0%         2d(0-16)  99%         4
 Animate Armour           Summ/Erth      0%         N/A       99%         4
 Brom's Barrelling Bould  Conj/Erth      0%         2d3       99%         4
 Dispel Undead            Necr           0%         3d6       99%         4
 Flame Wave               Conj/Fire      0%         2d4       99%         4
 Fulminant Prism          Conj/Alch      0%         3d5       99%         4
 Ignite Poison            Fire/Alch      0%         N/A       99%         4
 Martyr's Knell           Necr/Summ      0%         N/A       99%         4
 Summon Lightning Spire   Summ/Air       0%         N/A       99%         4
 Alistair's Intoxication  Alch           0%         N/A       100%        5
 Curse of Agony           Necr           0%         N/A       100%        5
 Freezing Cloud           Conj/Ice/Air   0%         6-21      100%        5
 Lee's Rapid Deconstruct  Erth           0%         3d4*      100%        5
 Metabolic Englaciation   Hex/Ice        0%         N/A       100%        5
 Silence                  Hex/Air        0%         N/A       100%        5
 Summon Mana Viper        Hex/Summ       0%         N/A       100%        5
 Yara's Violent Unravell  Hex/Alch       0%         3d3       100%        5
 Sculpt Simulacrum        Ice/Alch       0%         N/A       100%        6
 Enfeeble                 Hex            0%         N/A       100%        7
 Haunt                    Necr/Summ      0%         N/A       100%        7
 Monstrous Menagerie      Summ           0%         N/A       100%        7
 Ozocubu's Refrigeration  Ice            0%         4d7       100%        7
 Summon Hydra             Summ           0%         N/A       100%        7
 Borgnjor's Revivificati  Necr           0%         N/A       100%        8
 Lehudib's Crystal Spear  Conj/Erth      0%         10d2      100%        8
 Death's Door             Necr           0%         N/A       100%        9


Dungeon Overview and Level Annotations

Branches:
Dungeon (15/15)            Temple (0/1) D:7            Lair (5/5) D:11
  Swamp (4/4) Lair:2        Snake (4/4) Lair:2        Slime (0/5) Lair:4
    Orc (2/2) D:9             Elf (3/3) Orc:2        Vaults (4/5) D:14
  Crypt (0/3) Vaults:3     Depths (4/4) D:15            Zot (0/5) Depths:4
 Bailey (visited)           IceCv (visited)

Altars:
Ashenzari
Cheibriados
Dithmenos
Elyvilon
Gozag
Kikubaaqudgha
Makhleb
Nemelex Xobeh
Qazlal
Sif Muna
Uskayaw
Vehumet
Wu Jian
Xom
Yredelemnul
Zin
The Shining One
Beogh
Jiyva

Shops:
D:2 [   D:8 **   D:12 *   Orc:2 ([*:   Snake:1 [   Snake:2 (!(   Vaults:4 !
Depths:1 :=:

Portals:
Hell: Depths:1 Depths:2 Depths:3 Depths:4
Abyss: Depths:3 Depths:4
Pandemonium: Depths:2 Depths:3 Depths:4
Ziggurat: Depths:3

Annotations:
D:4 1 runed translucent door, Drangen's ghost, amateur GnHu
D:12 Erolcha


Message History

You feel extremely sick.
The deep elf sorcerer is engulfed in poison gas.
The deep elf sorcerer looks as sick as possible!
The deep elf archer unwields a +1 short sword of protection.
The deep elf archer wields a +0 shortbow.
The deep elf archer shoots an arrow.
You block the arrow.
You hear a shout!
You slice the deep elf sorcerer!! You freeze the deep elf sorcerer.
The deep elf sorcerer is severely wounded.
You feel extremely sick.
The deep elf zephyrmancer casts a spell.
The deep elf zephyrmancer blinks!
The deep elf sorcerer is engulfed in poison gas.
The deep elf sorcerer looks as sick as possible!
You block the deep elf sorcerer's attack.
You riposte.
You slice the deep elf sorcerer!! You freeze the deep elf sorcerer.
You kill the deep elf sorcerer!
The deep elf archer shoots an arrow.
The arrow hits you.
You have finished your manual of Stealth and toss it away.
You feel extremely sick.
The deep elf sorcerer points at you and mumbles some strange words.
The bolt of acid hits you!!
You feel extremely sick.
The deep elf pyromancer is no longer sharing its pain.
The deep elf pyromancer casts a spell.
You feel very sick.
You feel very sick.
The deep elf sorcerer is no longer sharing its pain.
The deep elf sorcerer casts a spell at you.
The sphere of damnation explodes!
The damnation engulfs you!!!
* * * LOW HITPOINT WARNING * * *
You hear a shout!
You feel much better.
You feel very sick.
You feel very sick.
The deep elf sorcerer casts a spell at you.
The sphere of damnation explodes!
The damnation engulfs you!!!
You die...
Your body falls in perfect tune with the rhythm.

... #.# .#.# ###'# . .#
#.... . .# #### ##.... .
.####... #..... . .#§../⌠.
#..... ......°#######
#..... .$..e.e°)....###
##.... $).E..☼).###.@.#
##'....
..)..)☼e)....#.####
##.####.
......e#######....#####.##
## #....⌠. ####...##.##
####... ##...'## ####
##...?.## #.......#
##<....## ##...##


You could see a deep elf sorcerer (poisoned), a deep elf archer (repels
missiles, very poisoned, pain bonded) and a deep elf pyromancer.

Vanquished Creatures
  Parghit (Depths:3)
  Bai Suzhen (Snake:3)
  5 caustic shrikes (Depths:3)
  4 golden dragons
  Norris (Vaults:4)
  Nikola (Swamp:4)
  2 bone dragons (Depths:4)
  3 tentacled monstrosities
  Jorgrun (D:15)
  2 liches
  The ghost of zordking the Warrior, an adept BaFi of Cheibriados (Snake:3)
  A walking earthen tome (Depths:3)
  2 deep elf blademasters
  Mlioglotl (Snake:3)
  A deep elf master archer (Elf:3)
  A quicksilver dragon (Depths:3)
  2 titans
  6 sphinxes
  4 tengu reavers
  A shadow dragon (Depths:3)
  The ghost of tish the Marksdraconian, an adept DrFE of Gozag (Snake:4)
  2 storm dragons
  Aizul (Swamp:1)
  Roxanne (Snake:3)
  An azure jelly (IceCv)
  8 fire giants
  5 nagarajas
  6 frost giants
  A draconian scorcher (Depths:4)
  Louise (Swamp:3)
  A balrug (Depths:3)
  A deep elf elementalist (Elf:3)
  18 vault wardens
  A deep elf sorcerer (Elf:3)
  The ghost of Luw Mit the Marksspriggan, an adept SpHu of Okawaru (Swamp:2)
  A draconian stormcaller (Depths:4)
  14 very ugly things
  A juggernaut zombie (Depths:3)
  A reaper (Depths:4)
  12 stone giants
  6 orc warlords
  13 ironbound preservers
  A quicksilver ooze (IceCv)
  A juggernaut skeleton (Depths:1)
  3 formless jellyfish
  A vampire knight (Vaults:3)
  2 deep elf death magi (Elf:3)
  4 deep elf demonologists
  The ghost of Ralffi009 the Warrior, a journeyman DsGl of Gozag (Snake:1)
  2 ironbound thunderhulks (Vaults:1)
  3 eleionomae
  13 dire elephants
  A war gargoyle (Depths:3)
  2 purple draconians (Depths:4)
  3 deep elf annihilators
  A red draconian (Depths:4)
  2 bunyips
  Azrael (D:14)
  A white draconian (Depths:4)
  6 spark wasps
  A blizzard demon (Depths:3)
  An ettin (Depths:2)
  3 crystal guardians
  6 fire dragons
  4 deep elf high priests (Depths:3)
  A shambling mangrove (Swamp:4)
  9 yaktaur captains
  12 vault guards
  5 rakshasas
  6 great orbs of eyes
  23 hydras
  5 salamander tyrants
  2 peacekeepers
  9 ice dragons
  5 spriggan air magi
  A spriggan skeleton (Depths:3)
  2 alligators
  12 anacondas
  5 two-headed ogres
  2 catoblepae
  34 dancing weapons
  A death knight (D:13)
  11 ironbound frosthearts
  14 naga warriors
  19 tengu warriors
  A sphinx skeleton (Depths:2)
  7 boulder beetles
  12 centaur warriors
  Erica (Orc:1)
  7 death yaks
  6 deep troll shamans
  3 orc high priests (Orc:2)
  6 hell hogs (Depths:3)
  6 deep troll earth magi
  An occultist (Depths:3)
  2 vampire magi
  10 spriggan berserkers
  12 naga sharpshooters
  6 hell knights
  12 shock serpents
  4 sun demons
  11 salamander mystics
  Amaemon (Lair:3)
  3 soul eaters (Depths:3)
  5 iron trolls
  9 skeletal warriors
  12 deep elf knights
  2 sixfirhies (Depths:4)
  5 skysharks
  A golden dragon zombie (Depths:2)
  3 deep trolls (shapeshifter)
  A skyshark (shapeshifter) (Vaults:4)
  5 goliath frogs
  2 quicksilver dragon simulacra (Depths:3)
  11 swamp dragons
  43 deep trolls
  7 arcanists
  4 glowing orange brains
  A shock serpent (shapeshifter) (Depths:1)
  4 spriggan druids
  A flayed ghost (Depths:2)
  7 deep elf archers
  5 naga ritualists
  14 mana vipers
  9 bog bodies
  8 necromancers
  19 lindwurms
  12 orc knights
  20 ironbound convokers
  5 harpies
  A phantasmal warrior (D:13)
  6 orc sorcerers
  23 deep elf pyromancers
  8 cyclopes
  20 ugly things
  25 deep elf zephyrmancers
  A fire giant zombie (Vaults:1)
  A stone giant zombie (Vaults:1)
  32 salamanders
  6 manticores
  A frost giant zombie (Depths:2)
  2 oklob plants (Lair:4)
  A manticore (shapeshifter) (Vaults:3)
  A tengu skeleton (Depths:3)
  7 centaur zombies (D:12)
  2 kobold blastminers (Orc:1)
  4 will-o-the-wisps
  2 human skeletons (Vaults:1)
  7 meliai (D:14)
  12 guardian serpents
  Joseph (Lair:1)
  10 elephants (Lair:5)
  14 naga magi
  3 ice statues
  30 black mambas
  3 torpor snails
  A water nymph (shapeshifter) (Vaults:3)
  2 frost giant skeletons
  11 vault sentinels
  An elephant (shapeshifter) (Depths:2)
  9 cane toads
  A gargoyle (D:11)
  An orange demon (Lair:3)
  A kobold demonologist (D:10)
  3 rime drakes
  A spark wasp simulacrum (Depths:2)
  8 tengu conjurers
  An efreet (D:15)
  A yaktaur zombie (Vaults:1)
  9 komodo dragons
  A rime drake (shapeshifter) (Depths:3)
  4 freezing wraiths
  46 yaktaurs
  2 ice devils (Depths:3)
  6 trolls
  2 polar bears
  10 tyrant leeches
  7 hornets
  Prince Ribbit (Bailey)
  2 glass eyes
  12 blink frogs
  A fire giant simulacrum (Depths:2)
  A frost giant simulacrum (Depths:1)
  3 meliai zombies (D:12)
  4 dream sheep (Lair:5)
  4 spriggans
  An ettin skeleton (Vaults:1)
  58 slime creatures
  3 air elementals
  2 water elementals
  4 wyverns
  2 wraiths
  65 yaks
  2 shadows
  5 vampires
  A centaur simulacrum (D:14)
  3 humans (Bailey)
  An elf skeleton (Vaults:1)
  3 fire elementals (D:14)
  7 basilisks
  3 wargs (Orc:2)
  4 steam dragons
  Menkaure (D:7)
  8 vampire mosquitoes
  A tengu zombie (Depths:1)
  2 acid dragons
  31 nagas
  15 swamp worms
  A great orb of eyes simulacrum (IceCv)
  11 water moccasins
  3 hell hounds (D:14)
  27 orc warriors
  2 sky beasts
  14 swamp drakes
  2 ice beasts
  3 black bears
  3 ettin simulacra (Depths:3)
  4 ogres
  27 wolves
  5 boggarts (Vaults:2)
  6 centaurs
  3 slime creature simulacra (IceCv)
  A human zombie (Vaults:1)
  6 kobold brigands
  A gnoll sergeant (D:7)
  4 scorpions
  23 bullfrogs
  3 earth elementals
  6 glowing shapeshifter simulacra
  11 wights
  17 killer bees (D:9)
  2 howler monkeys
  2 electric eels (Lair:4)
  A bombardier beetle (D:4)
  7 hounds
  3 jellies
  19 orc priests
  Natasha (thrice) (D:3)
  3 iguanas
  3 boggart zombies (D:12)
  3 sleepcaps
  23 orc wizards
  5 hell rats (Lair:2)
  2 shapeshifter simulacra (IceCv)
  8 adders
  9 gnolls
  15 river rats (Lair:2)
  A shadow imp (D:7)
  15 white imps
  3 dart slugs
  59 orcs
  5 endoplasms
  2 giant cockroaches
  10 goblins
  9 hobgoblins
  2 jackals (D:2)
  33 kobolds
  9 quokkas
  6 ball pythons
  6 bats
  2 frilled lizards (D:3)
  14 rats
  A spectral weapon (Snake:1)
1774 creatures vanquished.

Vanquished Creatures (others)
  Asterion (Snake:1)
  An ironbound preserver (Vaults:3)
  A fire dragon (Depths:2)
  2 bloated husks (Swamp:3)
  An ettin simulacrum (Depths:3)
  10 foxfires
16 creatures vanquished.

Grand Total: 1790 creatures vanquished

Notes
Turn   | Place    | Note
-------+----------+-------------------------------------------
     0 | D:1      | Mls the Hill Orc Fighter began the quest for the Orb.
     0 | D:1      | Reached XP level 1. HP: 19/19 MP: 1/1
    91 | D:1      | Reached XP level 2. HP: 22/27 MP: 2/2
   323 | D:1      | Reached skill level 4 in Fighting
   685 | D:2      | Found Pivuheos's Armour Shop.
   733 | D:2      | Reached XP level 3. HP: 30/33 MP: 3/3
   925 | D:2      | Found a white marble altar of Elyvilon.
   943 | D:2      | Found a faded altar of an unknown god.
  1169 | D:3      | Reached XP level 4. HP: 39/40 MP: 4/4
  1224 | D:3      | Noticed Natasha
  1235 | D:3      | Killed Natasha
  1236 | D:3      | Reached skill level 5 in Axes
  1380 | D:3      | Identified the +5 robe "Rorro" {rElec Regen+ Str+2}
  1420 | D:3      | Noticed Natasha
  1427 | D:3      | Killed Natasha
  1428 | D:3      | Reached XP level 5. HP: 43/46 MP: 5/5
  1520 | D:3      | Noticed Natasha
  1538 | D:3      | Killed Natasha
  1987 | D:4      | Reached XP level 6. HP: 42/53 MP: 6/6
  2103 | D:4      | Reached skill level 1 in Dodging
  2129 | D:4      | Found a runed translucent door.
  2129 | D:4      | Noticed Drangen's ghost (amateur GnHu)
  2305 | D:4      | Reached XP level 7. HP: 25/60 MP: 7/7
  2830 | D:5      | Entered Level 5 of the Dungeon
  2831 | D:5      | Found a stormy altar of Qazlal.
  3208 | D:5      | Found a burning altar of Makhleb.
  3220 | D:5      | Found an ornate altar of the Wu Jian Council.
  3258 | D:5      | Found a snail-covered altar of Cheibriados.
  3291 | D:5      | Found a glowing golden altar of the Shining One.
  3426 | D:5      | Reached skill level 5 in Fighting
  3812 | D:6      | Reached skill level 10 in Axes
  3812 | D:6      | Reached XP level 8. HP: 68/68 MP: 8/8
  4379 | D:6      | Reached skill level 6 in Fighting
  4589 | D:6      | Reached XP level 9. HP: 71/75 MP: 9/9
  4813 | D:6      | Found a sparkling altar of Nemelex Xobeh.
  4813 | D:6      | Found a hide-covered altar of Uskayaw.
  4817 | D:6      | Found a broken altar of Ashenzari.
  4817 | D:6      | Found a basalt altar of Yredelemnul.
  4829 | D:6      | Became a worshipper of Uskayaw the Reveller
  4831 | D:6      | Found a shimmering blue altar of Sif Muna.
  4832 | D:6      | Found a glowing silver altar of Zin.
  4997 | D:7      | Reached * piety under Uskayaw
  5000 | D:7      | Reached ** piety under Uskayaw
  5007 | D:7      | Reached *** piety under Uskayaw
  5009 | D:7      | Reached skill level 1 in Invocations
  5017 | D:7      | Reached **** piety under Uskayaw
  5056 | D:7      | Noticed Menkaure
  5064 | D:7      | Killed Menkaure
  5571 | D:6      | Reached skill level 7 in Fighting
  6097 | D:7      | Found a staircase to the Ecumenical Temple.
  6200 | D:8      | Reached XP level 10. HP: 41/86 MP: 12/12
  6252 | D:8      | Found Urrobac's Specific Store.
  6262 | D:8      | Found Waacsops's General Store.
  6397 | D:8      | Bought a scroll of identify for 26 gold pieces
  6397 | D:8      | Bought a +2 hat for 208 gold pieces
  6397 | D:8      | Bought a scroll of fear for 52 gold pieces
  6649 | D:8      | Identified the +0 pair of boots of the Crypt {rF+ Int+3
                  | Dex+3}
  6744 | D:8      | Found a shimmering altar of Xom.
  6745 | D:8      | Found a shimmering altar of Xom.
  6746 | D:8      | Found a shimmering altar of Xom.
  6752 | D:8      | Found a shimmering altar of Xom.
  6876 | D:8      | Noticed a two-headed ogre
  6887 | D:8      | Killed a two-headed ogre
  6888 | D:8      | Reached skill level 15 in Axes
  7096 | D:9      | Found a flagged portal.
  7113 | D:9      | Reached skill level 5 in Shields
  7132 | D:9      | Reached ***** piety under Uskayaw
  7138 | Bailey   | Entered a bailey
  7176 | Bailey   | Reached skill level 8 in Fighting
  7197 | Bailey   | Reached skill level 5 in Invocations
  7295 | Bailey   | Noticed Prince Ribbit
  7296 | Bailey   | Noticed a vault guard
  7314 | Bailey   | Killed a vault guard
  7315 | Bailey   | Reached XP level 11. HP: 58/95 MP: 15/15
  7317 | Bailey   | Killed Prince Ribbit
  7355 | Bailey   | Noticed a vault guard
  7374 | Bailey   | Killed a vault guard
  7515 | D:9      | Reached skill level 9 in Fighting
  7520 | D:9      | Reached ****** piety under Uskayaw
  7544 | D:9      | Found a staircase to the Orcish Mines.
  7713 | D:10     | Entered Level 10 of the Dungeon
  8294 | D:10     | Found an ancient bone altar of Kikubaaqudgha.
  8439 | D:10     | Noticed a two-headed ogre
  8444 | D:10     | Killed a two-headed ogre
  8800 | D:11     | Noticed a manticore
  8812 | D:11     | Killed a manticore
  8813 | D:11     | Reached skill level 10 in Fighting
  8813 | D:11     | Reached skill level 5 in Dodging
  9070 | D:11     | Reached XP level 12. HP: 102/106 MP: 17/17
  9126 | D:11     | You fall into a shaft and drop 1 floor!
  9130 | D:12     | Noticed Erolcha
  9140 | D:12     | Noticed a two-headed ogre
  9343 | D:11     | Found a staircase to the Lair.
  9377 | Lair:1   | Entered Level 1 of the Lair of Beasts
  9475 | Lair:1   | Reached skill level 1 in Maces & Flails
  9487 | Lair:1   | Reached skill level 11 in Fighting
  9492 | Lair:1   | Noticed Joseph
  9509 | Lair:1   | Killed Joseph
  9654 | Lair:1   | Noticed a catoblepas
  9668 | Lair:1   | Killed a catoblepas
  9756 | Lair:1   | You fall into a shaft and drop 1 floor!
  9835 | Lair:1   | Reached skill level 12 in Fighting
 10210 | D:2      | Bought the +0 pair of fencer's gloves {Riposte Dex+3} for
                  | 400 gold pieces
 10210 | D:2      | Found the +0 pair of fencer's gloves {Riposte Dex+3}
 10390 | Lair:2   | Found a staircase to the Snake Pit.
 10499 | Lair:2   | Noticed a death yak
 10500 | Lair:2   | Noticed a death yak
 10510 | Lair:2   | Killed a death yak
 10511 | Lair:2   | Reached skill level 13 in Fighting
 10511 | Lair:2   | Reached skill level 1 in Stealth
 10511 | Lair:2   | Killed a death yak
 10519 | Lair:2   | Reached XP level 13. HP: 122/122 MP: 19/19
 10567 | Lair:2   | Found a staircase to the Swamp.
 10567 | Lair:2   | Noticed an eleionoma
 10797 | Lair:2   | Learned a level 1 spell: Apportation
 11325 | Lair:3   | Reached skill level 14 in Fighting
 11325 | Lair:3   | Reached skill level 1 in Translocations
 11337 | Lair:3   | Noticed Amaemon
 11354 | Lair:3   | Killed Amaemon
 11366 | Lair:3   | Identified the +2 leather armour of Vaynnany {Will++ rCorr}
 11805 | Lair:3   | Reached skill level 5 in Maces & Flails
 11930 | Lair:4   | Found a staircase to the Slime Pits.
 11931 | Lair:4   | Found a radiant altar of Vehumet.
 11968 | Lair:4   | Reached skill level 10 in Invocations
 12381 | Lair:4   | Found a viscous altar of Jiyva.
 12436 | Lair:5   | Entered Level 5 of the Lair of Beasts
 12436 | Lair:5   | Found a radiant altar of Vehumet.
 12446 | Lair:5   | Reached skill level 5 in Stealth
 12509 | Lair:5   | Reached XP level 14. HP: 116/133 MP: 21/21
 12627 | Lair:5   | Reached skill level 15 in Fighting
 13470 | Lair:5   | Noticed a dire elephant
 13489 | Lair:5   | Killed a dire elephant
 13732 | Lair:2   | Killed an eleionoma
 14253 | D:12     | Found Lenobb's Assorted Antiques.
 14259 | D:12     | Bought a scroll of identify for 58 gold pieces
 14259 | D:12     | Bought a notched iron ring for 145 gold pieces
 14493 | D:12     | Reached skill level 16 in Fighting
 14576 | D:12     | Reached XP level 15. HP: 144/144 MP: 23/23
 14592 | D:11     | Reached XP level 16. HP: 152/152 MP: 23/25
 14691 | Orc:1    | Entered Level 1 of the Orcish Mines
 14732 | Orc:1    | Noticed Erica
 14746 | Orc:1    | Killed Erica
 14836 | Orc:1    | Reached skill level 17 in Fighting
 14848 | Orc:2    | Entered Level 2 of the Orcish Mines
 14848 | Orc:2    | Found a staircase to the Elven Halls.
 15016 | Orc:1    | Found a roughly hewn altar of Beogh.
 15056 | Orc:1    | Found Elliuj's Distillery.
 15059 | Orc:1    | Bought 2 potions of might for 96 gold pieces
 15059 | Orc:1    | Bought a potion of invisibility for 96 gold pieces
 15059 | Orc:1    | Bought a potion of enlightenment for 60 gold pieces
 15059 | Orc:1    | Bought a potion of resistance for 120 gold pieces
 15059 | Orc:1    | Bought a potion of curing for 36 gold pieces
 15059 | Orc:1    | Bought a potion of heal wounds for 60 gold pieces
 15059 | Orc:1    | Bought a potion of curing for 36 gold pieces
 15059 | Orc:1    | Bought 2 potions of lignification for 72 gold pieces
 15854 | Orc:2    | Paralysed by an orc sorcerer for 4 turns
 15907 | Orc:2    | Found Laturiz's Antique Armour Shoppe.
 15908 | Orc:2    | Found Ecetot's Antique Weapon Shoppe.
 15909 | Orc:2    | Found Fias's General Store.
 15909 | Orc:2    | Found Qawiv's Book Emporium.
 16193 | D:12     | Found a basalt altar of Yredelemnul.
 16199 | D:12     | Reached skill level 18 in Fighting
 16360 | D:13     | Found a frozen archway.
 16447 | IceCv    | Entered an ice cave
 17127 | IceCv    | Found a viscous altar of Jiyva.
 17127 | IceCv    | Noticed an azure jelly
 17134 | IceCv    | Killed an azure jelly
 17153 | IceCv    | Got the Codex of Hoarfrost
 17166 | IceCv    | Got the ring "Kenyle" {Ice rElec Slay+3}
 17384 | D:13     | Reached skill level 19 in Fighting
 18066 | D:14     | Found a gate to the Vaults.
 18320 | D:14     | Reached skill level 5 in Armour
 18443 | D:14     | Noticed Azrael
 18460 | D:14     | Reached XP level 17. HP: 105/168 MP: 26/26
 18460 | D:14     | Killed Azrael
 19050 | D:15     | Entered Level 15 of the Dungeon
 19097 | D:15     | Noticed Jorgrun
 19106 | D:15     | Killed Jorgrun
 19110 | D:15     | Found a flickering gateway to a bazaar.
 19124 | Bazaar   | Entered a bazaar
 19124 | Bazaar   | Found Jukharea's Jewellery Emporium.
 19124 | Bazaar   | Found Ycvusad's Antique Weapon Emporium.
 19125 | Bazaar   | Found Sahicit's General Store.
 19125 | Bazaar   | Found Voxeox's Weapon Shoppe.
 19375 | D:15     | Identified the +6 falchion "Luuzeepn" {flame, SInv}
 19634 | D:15     | Reached skill level 20 in Fighting
 19731 | D:15     | Found a staircase to the Depths.
 19753 | D:15     | Reached skill level 10 in Shields
 20015 | Snake:1  | Entered Level 1 of the Snake Pit
 20033 | Snake:1  | Noticed Asterion
 20324 | Snake:1  | Noticed an Executioner
 20379 | Swamp:1  | Entered Level 1 of the Swamp
 20874 | Swamp:1  | Identified the serpent talisman of Koivaen {Str+3 Int+5}
 20874 | Swamp:1  | Noticed Aizul
 20898 | Swamp:1  | Killed Aizul
 22699 | Swamp:2  | Found a runed translucent door.
 22700 | Swamp:2  | Noticed Luw Mit's ghost (adept SpHu)
 23090 | Swamp:3  | Noticed Louise
 23176 | Swamp:3  | Reached skill level 10 in Maces & Flails
 23186 | Swamp:3  | Killed Louise
 23627 | Swamp:4  | Entered Level 4 of the Swamp
 24068 | Swamp:4  | Reached XP level 18. HP: 140/180 MP: 27/27
 24113 | Swamp:4  | Noticed Nikola
 24114 | Swamp:4  | Killed Nikola
 24405 | Swamp:4  | Got a decaying rune of Zot
 24719 | D:12     | Bought the +0 mask of the Dragon {Will+ Slay+3 SInv} for
                  | 968 gold pieces
 24719 | D:12     | Found the +0 mask of the Dragon {Will+ Slay+3 SInv}
 25152 | Snake:1  | Killed Asterion
 25193 | Snake:1  | Found a runed translucent door.
 25193 | Snake:1  | Noticed Ralffi009's ghost (journeyman DsGl)
 25212 | Snake:1  | Killed Ralffi009's ghost
 25433 | Snake:1  | Found Fubu's Armour Shop.
 25735 | Snake:1  | Upgraded the game from 0.32-a0-39-g5c88369fb2 to
                  | 0.32-a0-119-g2e8054a333
 25807 | Snake:2  | Found Haclim's Weapon Emporium.
 25812 | Snake:2  | Found Xobuad's Distillery.
 25814 | Snake:2  | Found Qoitsirpha's Weapon Emporium.
 25820 | Snake:2  | Bought a potion of might for 40 gold pieces
 25871 | Snake:2  | Reached skill level 21 in Fighting
 26456 | Snake:2  | Reached skill level 10 in Armour
 26460 | Snake:2  | Reached skill level 10 in Stealth
 26730 | Snake:2  | Found a shadowy altar of Dithmenos.
 26950 | Snake:3  | Noticed Bai Suzhen
 26960 | Snake:3  | Killed Bai Suzhen
 27137 | Snake:3  | Found a hide-covered altar of Uskayaw.
 27152 | Snake:3  | Found a runed translucent door.
 27152 | Snake:3  | Noticed zordking's ghost (adept BaFi)
 27169 | Snake:3  | Killed zordking's ghost
 27171 | Snake:3  | Identified the +7 broad axe "Trog's Hatred" {flame, rElec
                  | Will- Dex+4}
 27231 | Snake:3  | Noticed Roxanne
 27244 | Snake:3  | Killed Roxanne
 27301 | Snake:3  | Noticed Mlioglotl
 27307 | Snake:3  | Killed Mlioglotl
 27367 | Snake:3  | Reached XP level 19. HP: 163/189 MP: 28/28
 27699 | Snake:4  | Entered Level 4 of the Snake Pit
 27724 | Snake:4  | Found a transporter.
 27808 | Snake:4  | Found a transporter.
 27908 | Snake:4  | Reached skill level 15 in Shields
 28149 | Snake:4  | Identified the +1 orcbow "Maesigg" {freeze, rC++ rCorr}
 28219 | Snake:4  | Noticed tish's ghost (adept DrFE)
 28303 | Snake:4  | Killed tish's ghost
 28970 | Snake:4  | Reached skill level 22 in Fighting
 28976 | Snake:4  | Got a serpentine rune of Zot
 29301 | Swamp:2  | Killed Luw Mit's ghost
 29650 | Elf:1    | Entered Level 1 of the Elven Halls
 29849 | Elf:1    | Identified the +3 long sword of Greed {holy, rF+ rC- Int+6}
 30086 | Elf:1    | Got the Parchment of Momentum
 30240 | Elf:1    | Reached XP level 20. HP: 174/200 MP: 29/29
 30756 | Elf:2    | Paralysed by an air elemental for 1 turns
 30959 | Elf:2    | Found a runed translucent gate.
 30959 | Elf:2    | Found a runed translucent gate.
 30959 | Elf:2    | Found a runed translucent gate.
 31055 | Elf:1    | Found an ancient bone altar of Kikubaaqudgha.
 31161 | Elf:2    | Identified the +3 dagger "Qoot Cai" {flame, rPois}
 31561 | Vaults:1 | Entered Level 1 of the Vaults
 32267 | Vaults:1 | Identified the ring of Seggus {rPois Slay+2}
 32280 | Vaults:1 | Found a glowing silver altar of Zin.
 32493 | Vaults:1 | Identified the +1 orcbow of Gumyt {flame, rElec rF+ Str-3
                  | Dex+2 Stlth+}
 32900 | Vaults:2 | Reached XP level 21. HP: 124/210 MP: 25/30
 32903 | Vaults:2 | Reached skill level 23 in Fighting
 34319 | Vaults:3 | Reached skill level 15 in Armour
 34484 | Vaults:3 | Found a staircase to the Crypt.
 34564 | Vaults:3 | Found Oted's Armour Shoppe.
 35147 | Vaults:4 | Noticed Norris
 35210 | Vaults:4 | Killed Norris
 35365 | Vaults:4 | Found Addifyak's Distillery.
 35375 | Vaults:4 | Bought 2 potions of ambrosia for 208 gold pieces
 35375 | Vaults:4 | Bought a potion of might for 52 gold pieces
 35437 | Vaults:4 | Reached XP level 22. HP: 203/222 MP: 31/31
 35754 | Vaults:4 | Identified a scroll of acquirement
 35763 | Vaults:4 | Reached skill level 24 in Fighting
 35829 | Vaults:4 | Acquired a manual of Stealth
 36411 | Depths:1 | Entered Level 1 of the Depths
 36612 | Depths:1 | Reached skill level 15 in Maces & Flails
 36619 | Depths:1 | Found Zevev's Book Shop.
 36619 | Depths:1 | Found Hutog's Jewellery Emporium.
 36620 | Depths:1 | Found Giamaynih's Book Shop.
 36675 | Depths:1 | Identified the ring of Pedum {rElec rPois rN+ Stlth+}
 36687 | Depths:1 | Found a gateway to Hell.
 37291 | Depths:2 | Reached XP level 23. HP: 212/231 MP: 32/32
 37376 | Depths:2 | Noticed a golden dragon
 37380 | Depths:2 | Killed a golden dragon
 37410 | Depths:2 | Found a one-way gate leading to the halls of Pandemonium.
 37539 | Depths:2 | Identified the +7 falchion of Qaneal {holy, Int+2}
 38026 | Depths:3 | HP: 10/232 [tengu warrior/stone (10)]
 38028 | Depths:3 | HP: 2/232 [deep elf high priest/divine providence (13)]
 38337 | Depths:3 | Found an opulent altar of Gozag.
 38339 | Depths:3 | Found a one-way gateway to a ziggurat.
 38420 | Depths:3 | Noticed a caustic shrike
 38420 | Depths:3 | Noticed a caustic shrike
 38420 | Depths:3 | Noticed a caustic shrike
 38422 | Depths:3 | Noticed a caustic shrike
 38449 | Depths:3 | Noticed a golden dragon
 38455 | Depths:3 | Killed a golden dragon
 38658 | Depths:3 | Found a broken altar of Ashenzari.
 38660 | Depths:3 | Found a one-way gate to the infinite horrors of the Abyss.
 39248 | Depths:3 | Found a shadowy altar of Dithmenos.
 39254 | Depths:3 | Noticed a caustic shrike
 39261 | Depths:3 | Killed a caustic shrike
 39261 | Depths:3 | Killed a caustic shrike
 39264 | Depths:3 | Killed a caustic shrike
 39264 | Depths:3 | Killed a caustic shrike
 39357 | Depths:3 | Noticed Parghit
 39364 | Depths:3 | Killed Parghit
 39373 | Depths:3 | Noticed a golden dragon
 39377 | Depths:3 | Killed a golden dragon
 39422 | Depths:3 | Found a stormy altar of Qazlal.
 39460 | Depths:3 | Reached XP level 24. HP: 231/240 MP: 32/32
 40256 | Depths:3 | Killed a caustic shrike
 40303 | Depths:4 | Entered Level 4 of the Depths
 40595 | Depths:4 | Reached skill level 25 in Fighting
 40636 | Depths:4 | Found a gate to the Realm of Zot.
 40640 | Depths:4 | Reached skill level 15 in Stealth
 41808 | Elf:3    | Entered Level 3 of the Elven Halls
 42293 | Elf:3    | Found an ancient bone altar of Kikubaaqudgha.
 42328 | Elf:3    | Identified the +5 whip of the Witching Vulture {drain,
                  | rElec rCorr Int-3}
 42349 | Elf:3    | Killed from afar by a deep elf sorcerer

Illustrated notes

Levels and vault maps discovered:
D:1:      heliophobic_arrival_ceremonial_halls, layout_loops_ring,
          serial_bayou_pond_e, minmay_misc_feat_rows
D:2:      layout_rooms, shapermc_ecumenical_altar_acropolis, basic_altar,
          serial_shops, shop
D:3:      layout_basic, uniq_natasha
D:4:      layout_loops_ring, ebering_ghost_sewer_d
D:5:      layout_loops_corners, lightli_temple_of_fire, tso_oasis_becter,
          nicolae_qazlal_beasts_of_the_sky,
          mainiacjoe_overflow_concentric_impassable,
          mainiacjoe_overflow_six_doors_small,
          serial_library_hellmonk_reading_circle
D:6:      layout_loops_ring, minitemple
D:7:      layout_gridville, lemuel_temple_firewalk_b,
          dreamdust_mushroom_princess, st_stairs_14, uniq_menkaure
D:8:      layout_basic, xom_redecorated, nrook_loot_triangle,
          hangedman_decor_riveting, nicolae_specific_store,
          chequers_serial_rivers_large_a
D:9:      layout_rooms, orc_0_dummy, enter_bailey_5
D:10:     layout_stronghold, kiku_gazebo_garden_becter
D:11:     layout_roguey, lair_entry_dummy
D:12:     layout_cave_pools, serial_shops, shop,
          nicolae_yredelemnul_corpse_copse, uniq_erolcha
D:13:     layout_loops_ring, portal_ice_cave_entry_imps
D:14:     layout_basic, david_vaults_5, kennysheep_donut, uniq_azrael
D:15:     hangedman_depths_entry_try_elsewhere_first, layout_loops_ring,
          serial_shops, bzr_entry_gold, ebering_dispersal_statue_hall,
          uniq_jorgrun
Lair:1:   layout_regular_city, chequers_serial_rivers_small_3, uniq_joseph
Lair:2:   lemuel_ratsnest, layout_misc_corridors,
          alex1729_swamp_entry_worm_eleionoma, dummy_snake_entry, minivault_11,
          serial_bayou_shore_b
Lair:3:   layout_cave_pods, st_stairs_9, pond, lemuel_fruit_tree,
          grunt_megastairs_2, infiniplex_staircase_pool_2, uniq_amaemon
Lair:4:   layout_gridlike, minmay_slime_entry_oklob_open, basic_altar
Lair:5:   grunt_lair_end_beastmaster, layout_regular_city, basic_altar,
          serial_bayou_shore_b
Swamp:1:  layout_falls_marsh, serial_swamp_ruin, evilmike_swamp_ruin_wall,
          evilmike_swamp_ruin_house_2, evilmike_swamp_ruin_house_4,
          nicolae_swamp_tree_isthmus, infiniplex_staircase_pool, uniq_aizul
Swamp:2:  layout_basic_swamp, gammafunk_ghost_grave,
          nicolae_swamp_rocky_clearing
Swamp:3:  layout_basic_swamp, evilmike_swamp_ruin_house_3, uniq_louise
Swamp:4:  grunt_swamp_rune_castle, layout_basic_swamp, uniq_nikola
Snake:1:  layout_onion, hellmonk_ghost_happy_afterlife, serial_shops,
          nicolae_shop_stone, uniq_asterion
Snake:2:  layout_chambers, basic_altar, special_room, minmay_shop_star,
          grunt_megastairs_3
Snake:3:  layout_misc_corridors, basic_altar, gammafunk_ghost_grave,
          uniq_bai_suzhen, uniq_roxanne, uniq_mlioglotl
Snake:4:  snake_pit_salamanders_mu, layout_cave_town, gammafunk_ghost_arena
Orc:1:    layout_diamond_mine, serial_shops, nicolae_shop_real_fake_doors,
          basic_altar, uniq_erica
Orc:2:    st_orc_congregation, layout_diamond_mine
Elf:1:    eino_elf_arrival_customs, layout_geoelf_diagonals,
          minmay_elf_annihilation, lemuel_upstairs_altar
Elf:2:    elven_hall_of_blades_hangedman_original
          [nicolae_blade_entry_sentries_behind_glass], layout_gridlike,
          fake_guardian_serpent_vault
Elf:3:    grunt_elf_hall_branching, layout_geoelf_octagon, basic_altar
Vaults:1: v_pattern_2, vaults_standard_mumra_enter_the_diamond, v_alt_pattern_5,
          nicolae_vaults_surprise_closet, v_alt_pattern_2, vaults_room_hallway,
          nicolae_vaults_murder_corner, nicolae_vaults_little_squares_1,
          nicolae_vaults_cochlea, lemuel_angel_altar,
          nicolae_vaults_little_squares_6, v_misc_26, nicolae_vaults_diamond_2,
          layout_vaults_maze_bifur
Vaults:2: nicolae_vaults_cornered_office, nicolae_vaults_network_periphery,
          v_alt_pattern_3, v_rooms_4, vaults_room_stairs_pillars,
          nicolae_vaults_tetromino_L_1, nicolae_vaults_windows_and_doors_thing,
          serial_ice_h, nicolae_vaults_heist, layout_vaults_omnigrid
Vaults:3: minmay_crypt_entry_vampire_xt,
          nicolae_vaults_taking_the_gang_shopping,
          nicolae_vaults_border_crossing, st_eye, grunt_vaults_swirl,
          vaults_mumra_lcd, hangedman_vaults_stagger, v_misc_5,
          ontoclasm_vaults_ring_small, nicolae_vaults_ninety_degrees,
          vaults_room_pools, nicolae_vaults_tetromino_T_1, layout_vaults_omnibox
Vaults:4: nicolae_vaults_meeting, vaults_room_octagon,
          nicolae_vaults_door_testing_chamber, nicolae_vaults_closet_pinwheel_4,
          ontoclasm_vaults_chip, v_alt_pattern_2, hangedman_vaults_maws,
          nicolae_vaults_apartment_2, vaults_mumra_hexcomb,
          nicolae_vaults_trapezoid_4, nicolae_vaults_oval_intersection,
          layout_vaults_big_room, serial_shops, nicolae_shop_stone, uniq_norris
Depths:1: layout_cave_pools, chequers_serial_rivers_micro_a, hell_entry,
          hangedman_stitches_earthworm, minmay_shop_grove
Depths:2: minmay_the_grid_square_5x5_4x4_mashed
          [minmay_the_grid_square_5x5_fat_x,
          minmay_the_grid_square_5x5_trominoes, minmay_the_grid_square_5x5_c,
          minmay_the_grid_square_5x5_shuriken, minmay_the_grid_square_5x5_forky,
          minmay_the_grid_square_5x5_prize_snowflake,
          minmay_the_grid_square_5x5_prize_monsterx,
          minmay_the_grid_square_5x5_minibox,
          minmay_the_grid_square_5x5_six_small,
          minmay_the_grid_square_5x5_prize_waves,
          minmay_the_grid_square_5x5_prize_gold,
          minmay_the_grid_square_5x5_half_checkered,
          minmay_the_grid_square_5x5_sharp_hourglass,
          minmay_the_grid_square_5x5_mess, minmay_the_grid_square_5x5_three,
          minmay_the_grid_square_5x5_broken_cross], layout_gridlike, hell_entry,
          pan_entry, hangedman_decor_peaks_small
Depths:3: grunt_profane_halls [grunt_profane_loot, grunt_profane_temple_geh,
          grunt_profane_temple_tar, grunt_profane_temple_coc,
          grunt_profane_temple_dis], hell_entry, pan_entry, abyss_entry,
          uniq_parghit
Depths:4: evilmike_zot_entry_round, layout_cave_pools, abyss_entry,
          pf_coc_iceberg, nicolae_wwwww, rand_demon_pan_entry_5

Skill      XL: |  1  2  3  4  5  6  7  8  9 10 11 12 13 14 15 16 17 18 19 20 21 22 23 24 |
---------------+-------------------------------------------------------------------------+-----
Axes           | 3 4 5 7 8 10 12 14 16 18 19 20 21 | 21.8
Fighting       | 4 5 6 7 8 10 13 14 16 19 20 21 22 23 24 25 | 25.2
Dodging        | 1 2 3 4 5 6 7 8 |  8.0
Shields        | 4 5 6 7 9 12 14 17 18 19 20 21 22 | 22.5
Invocations    | 3 5 7 9 10 11 12 | 12.0
Maces & Flails | 3 5 6 7 9 10 11 12 13 14 15 16 | 16.6
Stealth        | 1 5 8 10 12 14 15 | 15.7
Translocations | 2 3 |  3.0
Armour         | 5 8 10 12 14 15 16 17 | 17.4
Throwing       | |  0.1

Action                     |  1- 3 |  4- 6 |  7- 9 | 10-12 | 13-15 | 16-18 | 19-21 | 22-24 || total
---------------------------+-------+-------+-------+-------+-------+-------+-------+-------++-------
  Melee: War axe           |   117 |   117 |   342 |   164 |       |       |       |       ||   740
         Broad axe         |       |       |       |   343 |   466 |   955 |   741 |   758 ||  3263
         Morningstar       |       |       |       |       |    11 |       |       |       ||    11
         Demon whip        |       |       |       |       |    23 |    61 |       |       ||    84
  Throw: Javelin           |       |       |     5 |       |       |       |       |       ||     5
         Throwing net      |       |       |       |     1 |       |       |       |       ||     1
         Dart              |       |       |       |       |     2 |       |       |       ||     2
   Cast: Apportation       |       |       |       |       |       |     2 |       |       ||     2
 Invoke: Grand Finale      |       |       |       |       |       |     4 |       |     2 ||     6
         Line Pass         |       |       |       |       |       |     1 |     3 |     8 ||    12
         Stomp             |       |       |       |       |       |     1 |       |       ||     1
  Evoke: Wand              |       |       |       |     6 |     5 |     6 |       |       ||    17
    Use: Scroll            |     1 |     1 |     3 |    11 |    15 |     9 |     2 |     9 ||    51
         Potion            |       |     1 |       |     1 |     1 |     4 |       |     3 ||    10
   Stab: Paralysed         |       |       |     2 |    58 |    79 |   109 |   130 |   109 ||   487
         Held in net/web   |       |       |       |     1 |       |       |       |       ||     1
         Sleeping          |       |       |       |       |     4 |    23 |     8 |     5 ||    40
         Distracted        |       |       |       |       |     2 |     3 |     2 |     1 ||     8
         Confused          |       |       |       |       |       |       |     2 |     6 ||     8
 Armour: Scale mail        |   115 |    13 |       |       |       |       |       |       ||   128
         Robe              |       |    71 |   193 |   291 |   302 |   281 |       |       ||  1138
         Leather armour    |       |       |       |       |     6 |       |       |       ||     6
         Swamp dragon scal |       |       |       |       |       |   284 |    87 |       ||   371
         Storm dragon scal |       |       |       |       |       |       |   209 |   199 ||   408
         Gold dragon scale |       |       |       |       |       |       |       |   103 ||   103
         Quicksilver drago |       |       |       |       |       |       |       |    20 ||    20
  Dodge: Dodged            |    52 |    65 |   167 |   235 |   265 |   342 |   138 |   106 ||  1370
  Block: Buckler           |    36 |    27 |    53 |    96 |   111 |    40 |       |       ||   363
         Tower shield      |       |       |       |       |       |   683 |   689 |   757 ||  2129
         Kite shield       |       |       |       |       |       |    45 |       |       ||    45
Riposte: Broad axe         |       |       |       |    11 |    81 |   253 |   233 |   254 ||   832
         Morningstar       |       |       |       |       |     5 |       |       |       ||     5
         Demon whip        |       |       |       |       |     7 |    39 |       |       ||    46
         Form:             |       |       |       |       |       |     1 |       |       ||     1
         Serpent           |       |       |       |       |       |     1 |       |       ||     1

Table legend: (Time is in decaauts)
 A = Elapsed time spent in this place.
 B = Non-inter-level travel time spent in this place.
 C = Inter-level travel time spent in this place.
 D = Time resting spent in this place.
 E = Time spent auto-exploring this place.
 F = Levels seen in this place.
 G = Mean time per level.
                   A        B        C        D        E       F      G
               +--------+--------+--------+--------+--------+-----+--------+
         Total |  41996 |  36311 |   5685 |   8122 |   3521 |  44 |  954.5 |
       Dungeon |  13927 |  12043 |   1884 |   1924 |   3521 |  15 |  928.5 |
          Lair |   4919 |   3966 |    953 |    733 |      0 |   5 |  983.8 |
         Swamp |   4947 |   4152 |    795 |   2030 |      0 |   4 | 1236.8 |
     Snake Pit |   3943 |   3577 |    366 |    725 |      0 |   4 |  985.8 |
  Orcish Mines |   1495 |   1219 |    276 |    187 |      0 |   2 |  747.5 |
   Elven Halls |   2683 |   2453 |    230 |    405 |      0 |   3 |  894.3 |
        Vaults |   4603 |   3704 |    899 |    509 |      0 |   4 | 1150.8 |
        Depths |   4425 |   4146 |    279 |   1210 |      0 |   4 | 1106.2 |
        Bazaar |     20 |     20 |      0 |      0 |      0 |   1 |   20.0 |
        Bailey |    246 |    246 |      0 |     32 |      0 |   1 |  246.0 |
      Ice Cave |    783 |    783 |      0 |    365 |      0 |   1 |  783.0 |
               +--------+--------+--------+--------+--------+-----+--------+

Top non-repeatable levels by time:
 Swamp:1: 2576 daAuts
Depths:3: 1890 daAuts
  Lair:2: 1539 daAuts
Vaults:3: 1470 daAuts
     D:6: 1432 daAuts
   Elf:1: 1251 daAuts
    D:14: 1222 daAuts
 Snake:4: 1217 daAuts
Vaults:2: 1188 daAuts
    D:15: 1134 daAuts
    D:10: 1125 daAuts
Depths:2: 1114 daAuts
 Snake:2: 1062 daAuts
     D:7: 1025 daAuts
  Lair:5: 1018 daAuts
